 Dungeon Crawl Stone Soup version 0.29-a0-451-gfbfa424 (webtiles) character file.

Game seed: 2574075055352982695

5164 Toastz the Merchant of Misery (level 10, -5/73 (74) HPs)
             Began as a Demonspawn Necromancer on May 19, 2022.
             Was a Believer of Kikubaaqudgha.
             Slain by a wyvern (16 damage)
             ... on level 8 of the Dungeon.
             The game lasted 00:39:06 (13246 turns).

Toastz the Merchant of Misery (DsNe)               Turns: 13246, Time: 00:39:06

HP:   -5/73 (74)    AC:  9    Str:  8    XL:     10   Next: 33%
MP:   17/17         EV: 14    Int: 24    God:    Kikubaaqudgha [**....]
Gold: 373           SH:  0    Dex: 23    Spells: 2/19 levels left

rFire   + . .      SeeInvis .   b - +2 dagger (venom)
rCold   . . .      Faith    .   (no shield)
rNeg    . . .      Spirit   .   y - +2 robe {rF+}
rPois   .          Reflect  .   (no helmet)
rElec   .          Harm     .   n - +1 cloak
rCorr   .          Rampage  .   (no gloves)
Will    .....                   F - +0 pair of boots
Stlth   ++........              (no amulet)
HPRegen 0.22/turn               m - +6 ring of intelligence
MPRegen 0.15/turn               C - +6 ring of dexterity

@: lethally poisoned (-5 -> -12), animating dead, lightly drained
A: claws 2, thin metallic scales 1, powered by pain 1
a: Renounce Religion, Unearth Wretches


You were on level 8 of the Dungeon.
You worshipped Kikubaaqudgha.
Kikubaaqudgha was pleased with you.
You visited 2 branches of the dungeon, and saw 9 of its levels.
You also visited: Sewer and Ossuary.

You collected 484 gold pieces.
You spent 111 gold pieces at shops.

Inventory:

Hand Weapons
 a - a -1 demon trident
 b - a +2 dagger of venom (weapon)
 O - the +9 dagger "Lifebane" {drain, Drain rN+ MP+9}
   (You found it on level 8 of the Dungeon)

   A truly terrible weapon, it drains the life of any living foe it strikes.
   rN:        It protects you from negative energy.
   MP:        It affects your magic capacity (+9).
   Drain:     It drains your maximum health when unequipped.
Missiles
 k - 296 stones
 s - 20 poisoned darts
 A - 7 boomerangs
 K - 5 javelins
Armour
 n - a +1 cloak (worn)
 o - a +0 ring mail
 y - a +2 robe of fire resistance (worn)
 F - a +0 pair of boots (worn)
Jewellery
 e - a ring of ice
 m - a +6 ring of intelligence (left claw)
 C - a +6 ring of dexterity (right claw)
 J - a ring of protection from fire
Wands
 D - a wand of acid (7)
 I - a wand of paralysis (3)
Scrolls
 d - 2 scrolls of enchant weapon {unknown}
 g - a scroll of fog {unknown}
 i - a scroll of magic mapping
 j - 5 scrolls of immolation
 q - 6 scrolls of teleportation
 t - 2 scrolls of summoning
 u - 3 scrolls of brand weapon
 v - 4 scrolls of fear
 x - a scroll of silence
 z - a scroll of vulnerability {unknown}
 L - a scroll of blinking
 M - a scroll of poison {unknown}
 N - 2 scrolls of noise {unknown}
Potions
 c - 7 potions of brilliance
 f - 2 potions of flight {unknown}
 h - 2 potions of degeneration {unknown}
 l - 3 potions of ambrosia {unknown}
 p - 8 potions of heal wounds
 r - 4 potions of curing
 w - 4 potions of resistance {unknown}
 B - 2 potions of magic
 G - 2 potions of haste {unknown}
 H - 2 potions of mutation {unknown}


   Skills:
 - Level 5.0 Fighting
 - Level 2.8 Armour
 - Level 3.0 Dodging
 - Level 1.7 Stealth
 - Level 5.0 Spellcasting
 + Level 14.5 Necromancy


You had 2 spell levels left.
You knew the following spells:

 Your Spells              Type           Power      Damage    Failure   Level
a - Necrotize             Necr           100%       1d9       1%          1
b - Vampiric Draining     Necr           66%        2d10      1%          3
c - Animate Dead          Necr           66%        N/A       1%          4
d - Agony                 Necr           66%        N/A       1%          5
e - Anguish               Hex/Necr       20%        N/A       4%          4

Your spell library contained the following spells:

 Spells                   Type           Power      Damage    Failure   Level
 Sublimation of Blood     Necr           66%        N/A       1%          2
 Foxfire                  Conj/Fire      24%        2x1d5     9%          1
 Wereblood                Tmut           6%         N/A       13%         2
 Dispel Undead            Necr           66%        3d23      1%          4
 Death Channel            Necr           33%        N/A       3%          6
 Corpse Rot               Necr/Pois/Air  29%        N/A       12%         4
 Borgnjor's Vile Clutch   Necr/Erth      20%        N/A       12%         5
 Conjure Flame            Conj/Fire      6%         6-21      26%         3
 Inner Flame              Hex/Fire       6%         N/A       26%         3
 Ozocubu's Armour         Ice            6%         N/A       26%         3
 Simulacrum               Ice/Necr       20%        N/A       56%         6
 Flame Wave               Conj/Fire      6%         2d5       65%         4
 Metabolic Englaciation   Hex/Ice        3%         N/A       94%         5
 Summon Hydra             Summ           3%         N/A       100%        7


Dungeon Overview and Level Annotations

Branches:
Dungeon (8/15)             Temple (1/1) D:5            Lair (0/6) D:8
  Sewer (visited)         Ossuary (visited)

Altars:
Cheibriados
Kikubaaqudgha
Nemelex Xobeh
The Shining One

Shops:
D:2 *   D:5 *   D:7 (


Innate Abilities, Weirdness & Mutations

You have very sharp fingernails.
You are partially covered in thin metallic scales. (AC +2)
You sometimes gain a little power by taking damage.


Message History

Casting: Animate Dead (safe; 1% risk of failure)
Confirm with . or Enter, or press ? or * to list all spells.
You dismiss your zombies and call upon the dead to rise afresh.
Your sky beast zombie crumbles into dust! x2
Your hound zombie crumbles into dust!
The hornet closely misses you.
The purple ugly thing completely misses you.
The helpless adder fails to defend itself.
You puncture the adder!
You kill the adder!
That felt strangely unrewarding.
The dead are slithering!
The hornet misses you.
The purple ugly thing pecks you but does no damage.
The hornet stings you but does no damage.
The wyvern bites you!
You focus on the pain.
You feel your power returning.
The helpless centaur warrior fails to defend itself.
You puncture the centaur warrior!
You kill the centaur warrior!
That felt strangely unrewarding.
The dead are walking!
The hornet stings you!
* * * LOW HITPOINT WARNING * * *
You are poisoned.
You feel yourself slow down. The wyvern misses you.
The purple ugly thing pecks you.
* * * LOW HITPOINT WARNING * * *
The centaur warrior unwields a +0 longbow.
The centaur warrior hits your centaur warrior zombie!
The centaur warrior kicks your centaur warrior zombie.
You swap places.
The hornet attacks as you move away! The hornet barely misses you.
The purple ugly thing attacks as you move away!
The purple ugly thing pecks you.
* * * LOW HITPOINT WARNING * * *
You feel yourself speed up.
* * * LOW HITPOINT WARNING * * *
You feel very sick. The hornet stings your adder zombie!
The culicivora bites your adder zombie!
Your adder zombie is destroyed!
The wyvern bites you!
You die...
Kikubaaqudgha rasps: "You have failed me!
Welcome... death!"

#......#######8)8#####.#.#
#.##.. #......#
#†#.#8.8#.#.#.#.###.##..
#...####
##..'...'..##.........#.
#...#
#...##8##...##.####.#.#.
#...#
##'#########+##.#........
#...# #..#.......#
#.#.##.#.#. ....#
#..#.⌠...⌠.# #.#.##.#.#.
...## #..#....⌠..#
#.#.##.#.#. ...#
##.')..Z@..+ #.#.##.#.#.
#### ###..cl...#
#.#........
#.⌠.yus.####.#####....
#....cZ.##.......+..<.
####T#####.#.#####.... #.#
#.#.###...... ...
#.#.##....... ######## ...
#.#.#........ .......#
..... #..........>.


You could see a purple ugly thing (ally target), a centaur warrior (ally
target), a culicivora, a troll, a hornet, a wyvern, a centaur and 2 friendly
centaur warrior zombies.

Vanquished Creatures
  A hydra (D:8)
  A boulder beetle (D:8)
  A centaur warrior (D:8)
  Pikel (D:7)
  2 trolls (D:8)
  Prince Ribbit (D:5)
  Eustachio (D:5)
  2 steam dragons
  2 wargs (D:7)
  Edmund (D:5)
  A water moccasin (D:5)
  2 sky beasts
  2 orc warriors
  2 ice beasts (D:7)
  A black bear (D:5)
  A centaur (D:7)
  2 ogres
  A lemure (D:7)
  A phantom (D:6)
  2 kobold brigands (Sewer)
  Blork the orc (D:4)
  A necrophage (D:6)
  3 bullfrogs
  3 water moccasin zombies (Ossuary)
  2 scorpions (D:5)
  3 howler monkeys
  4 orc priests
  4 hounds
  A jelly (D:5)
  A gnoll shaman (D:6)
  3 iguanas
  Natasha (twice) (D:2)
  12 orc wizards
  2 mummies (Ossuary)
  3 gnolls (D:6)
  14 adders
  2 river rats (Sewer)
  4 white imps
  An ufetubus (D:6)
  7 adder zombies (Ossuary)
  3 worms (Sewer)
  2 dart slugs
  25 orcs
  11 ball pythons
  7 bats
  16 endoplasms
  4 giant cockroaches
  17 goblins
  16 hobgoblins
  10 quokkas
  4 frilled lizards
  9 gnoll zombies (Ossuary)
  2 hobgoblin zombies (Ossuary)
  10 kobolds
  6 kobold zombies (Ossuary)
  3 orc zombies (Ossuary)
  15 rats
261 creatures vanquished.

Vanquished Creatures (collateral kills)
  2 sky beasts (D:8)
  A bullfrog (D:8)
  4 wights (D:8)
  A jelly (D:5)
  Natasha (D:2)
  An orc (D:6)
  An endoplasm (Sewer)
  2 frilled lizards
  A kobold (Sewer)
  A rat (Sewer)
15 creatures vanquished.

Vanquished Creatures (others)
  A meliai (shapeshifter) (D:8)
  A meliai zombie (D:8)
  A sky beast (D:8)
  A warg zombie (D:7)
  A hound (D:8)
  An adder zombie (D:8)
  4 orc zombies
10 creatures vanquished.

Grand Total: 286 creatures vanquished

Notes
Turn   | Place    | Note
-------+----------+-------------------------------------------
     0 | D:1      | Toastz the Demonspawn Necromancer began the quest for the
                  | Orb.
     0 | D:1      | Reached XP level 1. HP: 13/13 MP: 3/3
   395 | D:1      | Reached skill level 1 in Fighting
   423 | D:1      | Gained mutation: You are partially covered in thin metallic
                  | scales. (AC +2) [demonic ancestry]
   423 | D:1      | Reached XP level 2. HP: 21/21 MP: 3/5
  1042 | D:1      | Found a faded altar of an unknown god.
  1131 | D:1      | Reached XP level 3. HP: 27/27 MP: 4/6
  1188 | D:1      | Reached skill level 5 in Necromancy
  1776 | D:2      | Learned a level 3 spell: Vampiric Draining
  1819 | D:2      | Noticed Natasha
  1832 | D:2      | HP: 1/27 [iron imp[Natasha] (5)]
  1836 | D:2      | Killed Natasha
  1837 | D:2      | Reached XP level 4. HP: 2/34 MP: 1/7
  2145 | D:2      | Found Pisaph's General Store.
  2218 | D:2      | Noticed Natasha
  2223 | D:2      | Killed Natasha
  2244 | D:2      | Noticed Natasha
  2251 | D:2      | Killed Natasha
  2336 | D:2      | Reached XP level 5. HP: 34/40 MP: 1/9
  2416 | D:2      | Learned a level 4 spell: Animate Dead
  3484 | D:3      | Reached skill level 1 in Armour
  3484 | D:3      | Reached skill level 6 in Necromancy
  3705 | D:3      | Found a glowing drain.
  3709 | Sewer    | Entered a sewer
  3901 | Sewer    | Gained mutation: You sometimes gain a little power by
                  | taking damage. [demonic ancestry]
  3901 | Sewer    | Reached XP level 6. HP: 43/47 MP: 5/10
  5346 | D:4      | Reached skill level 7 in Necromancy
  5346 | D:4      | Reached XP level 7. HP: 52/52 MP: 5/11
  5714 | D:4      | Found a sparkling altar of Nemelex Xobeh.
  5995 | D:4      | Noticed Blork the orc
  6004 | D:4      | Killed Blork the orc
  6493 | D:5      | Entered Level 5 of the Dungeon
  6497 | D:5      | Found Ciponupn's Lightly-Used Armoury.
  6622 | D:5      | Bought a -3 bardiche for 1 gold piece
  6622 | D:5      | Bought a -1 demon trident for 110 gold pieces
  6626 | D:5      | Found a staircase to the Ecumenical Temple.
  6629 | D:5      | Noticed Edmund
  6697 | Temple   | Entered the Ecumenical Temple
  6770 | Temple   | Became a worshipper of Kikubaaqudgha
  7091 | D:5      | Reached skill level 8 in Necromancy
  7210 | D:5      | Gained mutation: You have sharp fingernails. [demonic
                  | ancestry]
  7210 | D:5      | Reached XP level 8. HP: 51/60 MP: 9/14
  7217 | D:5      | Learned a level 5 spell: Agony
  7703 | D:5      | Noticed Eustachio
  7703 | D:5      | Noticed Prince Ribbit
  7722 | D:5      | Killed Prince Ribbit
  7723 | D:5      | Reached skill level 5 in Spellcasting
  7723 | D:5      | Reached skill level 9 in Necromancy
  7735 | D:5      | Killed Eustachio
  7881 | D:5      | Killed Edmund
  7889 | D:5      | Reached skill level 10 in Necromancy
  8779 | D:6      | Found a sand-covered staircase.
  8830 | Ossuary  | Entered an ossuary
  8848 | Ossuary  | Gained mutation: You have very sharp fingernails. [demonic
                  | ancestry]
  8848 | Ossuary  | Reached XP level 9. HP: 64/66 MP: 16/16
  8852 | Ossuary  | Reached * piety under Kikubaaqudgha
  8852 | Ossuary  | Received a gift from Kikubaaqudgha
  9091 | Ossuary  | Reached skill level 5 in Fighting
  9185 | Ossuary  | Reached ** piety under Kikubaaqudgha
  9543 | D:6      | Reached skill level 11 in Necromancy
 10141 | D:7      | Noticed Pikel
 10158 | D:7      | Killed Pikel
 10159 | D:7      | Reached skill level 12 in Necromancy
 11090 | D:7      | Found Tocron's Antique Weapon Shop.
 11406 | D:8      | Found a staircase to the Lair.
 11425 | D:7      | Reached skill level 13 in Necromancy
 11506 | D:7      | Reached XP level 10. HP: 52/74 MP: 2/17
 11730 | D:7      | Learned a level 4 spell: Anguish
 12411 | D:8      | Reached *** piety under Kikubaaqudgha
 12411 | D:8      | Received a gift from Kikubaaqudgha
 12457 | D:8      | Reached skill level 14 in Necromancy
 12924 | D:8      | Identified the +9 dagger "Lifebane" {drain, Drain rN+ MP+9}
 13231 | D:8      | Noticed a centaur warrior
 13231 | D:8      | Noticed a purple ugly thing
 13242 | D:8      | Noticed a centaur warrior
 13246 | D:8      | Slain by a wyvern

Illustrated notes

Levels and vault maps discovered:
D:1:      minmay_arrival_doors, layout_loops_corners,
          hellmonk_ecumenical_altar_pennies_from_heaven
D:2:      layout_basic, serial_shops, shop, uniq_natasha
D:3:      cheibrodos_greedy_goblins, layout_rooms, gup_sewer_entry_bowl
D:4:      layout_gridville, marbit_many_paths, minmay_crystal_room,
          uniq_blork_the_orc
D:5:      minmay_evil_eye, layout_layer_cave, minmay_temple_entry_junction,
          minmay_shop_damaged, uniq_edmund, uniq_eustachio, uniq_prince_ribbit1
D:6:      layout_loops_cross, nicolae_ossuary_entry_monument,
          serial_park_tiny_1, nrook_loot_triangle,
          hangedman_abyss_or_decor_slice, kennysheep_dice
D:7:      layout_basic, serial_shops, shop, uniq_pikel
D:8:      minmay_chambers_of_sevens, layout_basic, erik_lair_orcish_takeover,
          minmay_misc_feat_alley
Temple:   mainiacjoe_temple_cubbyholes

Skill      XL: |  1  2  3  4  5  6  7  8  9 10 |
---------------+-------------------------------+-----
Fighting       | 1 2 3 4 5 |  5.0
Necromancy     | 5 6 7 8 10 13 14 | 14.5
Spellcasting   | 3 4 5 |  5.0
Armour         | 1 2 |  2.8
Dodging        | 3 |  3.0
Stealth        | |  1.7

Action                   |  1- 3 |  4- 6 |  7- 9 | 10-12 || total
-------------------------+-------+-------+-------+-------++-------
Melee: Unarmed           |     6 |       |       |       ||     6
       Short sword       |    11 |    66 |    10 |       ||    87
       Punch             |       |     1 |     8 |       ||     9
       Dagger            |       |       |   364 |    80 ||   444
Throw: Boomerang         |       |       |     5 |       ||     5
 Cast: Necrotize         |    70 |   160 |   139 |    36 ||   405
       Vampiric Draining |       |     1 |    30 |    14 ||    45
       Agony             |       |       |     3 |       ||     3
       Animate Dead      |       |       |     2 |     6 ||     8
Invok: Unearth Wretches  |       |       |       |     3 ||     3
  Use: Scroll            |       |     3 |     6 |     1 ||    10
       Potion            |       |       |     3 |       ||     3
 Stab: Sleeping          |       |     2 |     2 |     2 ||     6
       Paralysed         |       |       |       |     5 ||     5
Armor: Robe              |     8 |     8 |   175 |    43 ||   234
       Ring mail         |       |    53 |       |       ||    53
Dodge: Dodged            |    25 |    54 |   270 |    74 ||   423

Table legend: (Time is in decaauts)
 A = Elapsed time spent in this place.
 B = Non-inter-level travel time spent in this place.
 C = Inter-level travel time spent in this place.
 D = Time resting spent in this place.
 E = Time spent auto-exploring this place.
 F = Levels seen in this place.
 G = Mean time per level.
                   A        B        C        D        E       F      G
               +--------+--------+--------+--------+--------+-----+--------+
         Total |  13413 |  13120 |    293 |   2990 |   7682 |  11 | 1219.4 |
       Dungeon |  11573 |  11310 |    263 |   2705 |   6641 |   8 | 1446.6 |
        Temple |    104 |     74 |     30 |      0 |     55 |   1 |  104.0 |
         Sewer |   1239 |   1239 |      0 |     97 |    966 |   1 | 1239.0 |
       Ossuary |    496 |    496 |      0 |    188 |     19 |   1 |  496.0 |
               +--------+--------+--------+--------+--------+-----+--------+

Top non-repeatable levels by time:
     D:5: 1912 daAuts
     D:1: 1890 daAuts
     D:7: 1646 daAuts
     D:8: 1477 daAuts
     D:2: 1332 daAuts
   Sewer: 1239 daAuts
     D:4: 1191 daAuts
     D:6: 1116 daAuts
     D:3: 1007 daAuts
 Ossuary: 496 daAuts
  Temple: 104 daAuts
